 Dungeon Crawl Stone Soup version 0.22.0-36-g8e74550 (webtiles) character file.

24788 Lew the Fighter (level 13, 0/103 HPs)
             Began as a Gnoll Abyssal Knight on Aug 24, 2018.
             Was a High Priest of Lugonu.
             Killed from afar by a manticore (20 damage)
             ... with a volley of spikes
             ... on level 14 of the Dungeon.
             The game lasted 01:08:45 (19362 turns).

Lew the Fighter (Gnoll Abyssal Knight)             Turns: 19362, Time: 01:08:49

Health: 0/103      AC: 19    Str: 21    XL:     13   Next: 15%
Magic:  24/24      EV: 12    Int: 15    God:    Lugonu [*****.]
Gold:   253        SH: 12    Dex: 20    Spells: 20/27 levels left

rFire    . . .     SeeInvis +   F - +1 trident (distort)
rCold    . . .     Gourm    .   M - +0 shield
rNeg     . . .     Faith    .   T - +0 chain mail "Olast" {Dex+5}
rPois    .         Spirit   .   (no helmet)
rElec    +         Reflect  .   p - +0 cloak
rCorr    +         Harm     .   m - +0 pair of gloves
MR       .....                  S - +2 pair of boots of Funeuptu {rCorr Stlth+}
Stlth    ++........             K - amulet of magic regeneration
HPRegen  0.27/turn              v - ring of see invisible
MPRegen  0.44/turn              i - +2 ring of protection

@: barbed spikes
A: distributed training, fangs 1, electricity resistance, strong 1, strong nose
a: Depart the Abyss, Bend Space, Banish, Corrupt, Enter the Abyss, Renounce
Religion


You were on level 14 of the Dungeon.
You worshipped Lugonu.
Lugonu was extremely pleased with you.
You were not hungry.

You visited 1 branch of the dungeon, and saw 14 of its levels.
You visited the Abyss 1 time.
You also visited: Ossuary.

You collected 969 gold pieces.
You spent 716 gold pieces at shops.

Inventory:

Hand Weapons
 l - the +1 dagger of Righteous Fury {elec, +Inv}
   (You found it on level 13 of the Dungeon)

   Occasionally, upon striking a foe, it will discharge some electrical energy
   and cause terrible harm.
   It lets you turn invisible.
 o - a +0 war axe
 s - a +4 falchion of slicing
 F - a +1 trident of distortion (weapon)
Armour
 m - a +0 pair of gloves (worn)
 p - a +0 cloak (worn)
 t - a +3 leather armour of fire resistance
 I - a +0 large shield
 M - a +0 shield (worn)
 P - a +0 chain mail of poison resistance
 S - the +2 pair of boots of Funeuptu (worn) {rCorr Stlth+}
   (You bought it in a shop on level 5 of the Dungeon)

   It provides partial protection from all sources of acid and corrosion.
   It makes you more stealthy.
 T - the +0 chain mail "Olast" (worn) {Dex+5}
   (You bought it in a shop on level 5 of the Dungeon)

   It affects your dexterity (+5).
Magical Staves
 E - an uncursed staff of wizardry
Jewellery
 d - an uncursed ring of flight
 i - a +2 ring of protection (right hand)
 j - an uncursed ring of poison resistance
 q - an uncursed ring of protection from fire
 v - a ring of see invisible (left hand)
 K - an amulet of magic regeneration (around neck)
Wands
 b - a wand of digging (2)
 e - a wand of acid (8)
 h - a wand of paralysis (13)
 y - a wand of iceblast (4)
 N - a wand of polymorph (10)
 O - a wand of disintegration (2)
Scrolls
 a - 2 scrolls of enchant armour
 f - 3 scrolls of remove curse
 g - a scroll of immolation
 w - 3 scrolls of magic mapping
 B - a scroll of amnesia
 J - a scroll of holy word
 R - a scroll of fear
Potions
 k - 4 potions of brilliance
 r - 4 potions of resistance
 A - 4 potions of haste
 D - 2 potions of magic
 G - 3 potions of mutation
 H - a potion of ambrosia
 Q - 3 potions of agility
Comestibles
 c - 11 rations


   Skills:
 + Level 10.2 Fighting
 + Level 7.9 Short Blades
 + Level 7.9 Long Blades
 + Level 9.2 Axes
 + Level 7.9 Maces & Flails
 + Level 7.9 Polearms
 + Level 7.9 Staves
 + Level 7.9 Slings
 + Level 7.9 Bows
 + Level 7.9 Crossbows
 + Level 7.9 Throwing
 + Level 9.2 Armour
 + Level 8.3 Dodging
 + Level 7.9 Stealth
 + Level 7.9 Shields
 + Level 7.9 Unarmed Combat
 + Level 7.9 Spellcasting
 + Level 6.5 Conjurations
 + Level 6.5 Hexes
 + Level 6.5 Charms
 + Level 6.5 Summonings
 + Level 6.5 Necromancy
 + Level 6.5 Translocations
 + Level 6.5 Transmutations
 + Level 6.5 Fire Magic
 + Level 6.5 Ice Magic
 + Level 6.5 Air Magic
 + Level 6.5 Earth Magic
 + Level 6.5 Poison Magic
 + Level 9.8 Invocations
 + Level 7.9 Evocations


You had 20 spell levels left.
You knew the following spells:

 Your Spells              Type           Power        Failure   Level  Hunger
a - Dazzling Spray        Conj/Hex       ####..       38%         3    ##.....
b - Iskenderun's Mystic   Conj           ####....     80%         4    ####...

Your spell library contained the following spells:

 Spells                   Type           Power        Failure   Level  Hunger
 Beastly Appendage        Tmut           ####..       14%         1    None
 Corona                   Hex            ####...      14%         1    None
 Magic Dart               Conj           ####         14%         1    None
 Summon Butterflies       Summ           ####....     14%         1    None
 Ensorcelled Hibernation  Hex/Ice        ####..       22%         2    None
 Searing Ray              Conj           ####..       22%         2    None
 Call Canine Familiar     Summ           ####....     38%         3    ##.....
 Confuse                  Hex            ####....     38%         3    ##.....
 Tukima's Dance           Hex            ####....     38%         3    ##.....
 Force Lance              Conj/Tloc      ####....     80%         4    ####...
 Fulminant Prism          Conj/Hex       ####......   80%         4    ####...
 Summon Ice Beast         Ice/Summ       ####....     80%         4    ####...
 Summon Mana Viper        Hex/Summ       ####....     98%         5    #####..
 Summon Hydra             Summ           ####......   100%        7    #######


Dungeon Overview and Level Annotations

Branches:
Dungeon (14/15)            Temple (0/1) D:4            Lair (0/6) D:9
    Orc (0/2) D:12         Vaults (0/5) D:14

Altars:
Cheibriados
Makhleb
Nemelex Xobeh
Sif Muna
Uskayaw
Wu Jian
Xom
The Shining One

Shops:
D:4 *   D:5 [   D:13 }

Annotations:
Abyss:1 Rupert


Innate Abilities, Weirdness & Mutations

Your experience applies equally to all skills.
You have very sharp teeth.
Your uncanny sense of smell can sniff out nearby items.
You are resistant to electric shocks. (rElec)
Your muscles are strong. (Str +2)


Message History

Attack whom?
Press: ? - help, Dir - move target cursor, f/p - manticore
Aim: a manticore (heavily wounded)
You reach to attack!
You hit the manticore.
Space warps horribly around the manticore!
The manticore is almost dead.
The manticore flicks its tail.
The volley of spikes hits you!
The barbed spikes become lodged in your body.
* * * LOW HITPOINT WARNING * * *
Attack whom?
Press: ? - help, Dir - move target cursor, f/p - manticore
Aim: a manticore (almost dead)
You reach to attack!
You hit the manticore.
The manticore is almost dead.
The manticore blinks!
The manticore flicks its tail.
The volley of spikes hits you!
The barbed spikes become lodged in your body.
You die...

######## #########
#......# #.......#
#......####.......#
#......##.........#
#......##.#.......####
#......'..#...........
#....@.####...(...####
#......# #.......#
..'....ยง.# #.......#
#.###H.....##
#####.### ..##.......#
#.# #......?...# #.#
#..........# #..
#..........# ##.
#....p.c...#


You could see a manticore.

Vanquished Creatures
  Erolcha (D:12)
  2 hydras
  2 centaur warriors
  2 two-headed ogres
  A skeletal warrior (D:14)
  Pikel (D:7)
  An orc knight (D:14)
  3 ugly things
  3 cyclopes
  A gargoyle (D:13)
  A kobold demonologist (D:12)
  A komodo dragon (D:9)
  An efreet (D:13)
  2 hippogriffs
  3 slime creatures
  2 wraiths
  Sigmund (D:4)
  A shadow (D:12)
  A spriggan (D:7)
  A vampire (D:13)
  A wyvern (D:11)
  11 humans
  A basilisk (D:9)
  2 steam dragons (D:9)
  Eustachio (D:4)
  5 vampire mosquitoes
  3 water moccasins
  A soldier ant (D:10)
  4 orc warriors
  5 sky beasts
  2 black bears
  3 slaves (D:7)
  2 ice beasts
  2 eyes of draining
  5 ogres
  2 phantoms
  2 necrophages
  5 centaurs
  3 crocodiles (D:9)
  2 big kobolds
  Blork the orc (D:5)
  7 bullfrogs
  A gnoll sergeant (D:13)
  10 scorpions
  18 killer bees
  6 howler monkeys
  6 wights
  9 crimson imps
  2 bullfrog zombies
  2 centaur zombies (Ossuary)
  2 human zombies (Ossuary)
  2 jellies
  A quasit (D:7)
  6 orc priests
  2 bullfrog skeletons
  7 hounds
  Crazy Yiuf (D:2)
  8 orc wizards
  Jessica (D:3)
  6 iguanas
  7 worker ants
  Terence (D:3)
  3 big kobold zombies (Ossuary)
  2 hound zombies
  2 mummies (Ossuary)
  2 howler monkey skeletons
  11 adders
  3 scorpion zombies (Ossuary)
  11 gnolls
  5 shadow imps
  An ooze (D:6)
  An adder skeleton (D:9)
  An adder zombie (D:8)
  A worm (D:3)
  A dart slug (D:4)
  4 leopard geckos
  43 orcs
  A ball python (D:4)
  4 bats
  6 giant cockroaches
  3 gnoll zombies (Ossuary)
  13 goblins
  11 hobgoblins
  4 jackals (D:6)
  15 kobolds
  2 quokkas
  3 frilled lizards
  2 hobgoblin zombies (Ossuary)
  A kobold zombie (Ossuary)
  3 orc zombies (Ossuary)
  2 quokka skeletons
  6 rats
  A rat zombie (D:5)
  A fungus (D:2)
368 creatures vanquished.

Vanquished Creatures (others)
  3 skeletal warriors (D:14)
  2 ugly things (D:14)
  A slime creature (D:14)
  A hungry ghost (D:7)
  A vampire mosquito (D:14)
  A slave (D:7)
  A crimson imp (D:7)
  A mummy (Ossuary)
  A gnoll zombie (Ossuary)
12 creatures vanquished.

Grand Total: 380 creatures vanquished

Notes
Turn   | Place    | Note
-------+----------+-------------------------------------------
     0 | Abyss:1  | Lew the Gnoll Abyssal Knight began the quest for the Orb.
     0 | Abyss:1  | Reached XP level 1. HP: 23/23 MP: 3/3
    40 | Abyss:1  | Noticed a small abomination
    67 | Abyss:1  | Noticed a raiju
    76 | Abyss:1  | Noticed a bone dragon
    77 | Abyss:1  | Noticed a large abomination
    87 | Abyss:1  | Noticed a tentacled starspawn
    88 | D:1      | Escaped the Abyss
   219 | D:1      | Reached * piety under Lugonu
   232 | D:1      | Reached XP level 2. HP: 24/29 MP: 5/5
   571 | D:1      | Reached XP level 3. HP: 29/35 MP: 6/6
  1290 | D:2      | Reached skill level 1 in Short Blades
  1290 | D:2      | Reached skill level 1 in Long Blades
  1290 | D:2      | Reached skill level 1 in Maces & Flails
  1290 | D:2      | Reached skill level 1 in Polearms
  1290 | D:2      | Reached skill level 1 in Staves
  1290 | D:2      | Reached skill level 1 in Slings
  1290 | D:2      | Reached skill level 1 in Bows
  1290 | D:2      | Reached skill level 1 in Crossbows
  1290 | D:2      | Reached skill level 1 in Throwing
  1290 | D:2      | Reached skill level 1 in Stealth
  1290 | D:2      | Reached skill level 1 in Shields
  1290 | D:2      | Reached skill level 1 in Unarmed Combat
  1290 | D:2      | Reached skill level 1 in Spellcasting
  1290 | D:2      | Reached skill level 1 in Evocations
  1322 | D:2      | Reached ** piety under Lugonu
  1389 | D:2      | Reached XP level 4. HP: 41/41 MP: 7/7
  1586 | D:2      | Found a runed door.
  1595 | D:2      | Noticed Crazy Yiuf
  1604 | D:2      | Killed Crazy Yiuf
  1784 | D:3      | Reached skill level 1 in Conjurations
  1784 | D:3      | Reached skill level 1 in Hexes
  1784 | D:3      | Reached skill level 1 in Charms
  1784 | D:3      | Reached skill level 1 in Summonings
  1784 | D:3      | Reached skill level 1 in Necromancy
  1784 | D:3      | Reached skill level 1 in Translocations
  1784 | D:3      | Reached skill level 1 in Transmutations
  1784 | D:3      | Reached skill level 1 in Fire Magic
  1784 | D:3      | Reached skill level 1 in Ice Magic
  1784 | D:3      | Reached skill level 1 in Air Magic
  1784 | D:3      | Reached skill level 1 in Earth Magic
  1784 | D:3      | Reached skill level 1 in Poison Magic
  1982 | D:3      | Reached XP level 5. HP: 35/47 MP: 8/8
  2201 | D:3      | Noticed Jessica
  2207 | D:3      | Killed Jessica
  2379 | D:3      | Noticed Terence
  2384 | D:3      | Killed Terence
  2579 | D:3      | Found a snail-covered altar of Cheibriados.
  2717 | D:4      | Reached skill level 5 in Invocations
  2717 | D:4      | Reached XP level 6. HP: 21/53 MP: 9/9
  2919 | D:4      | Noticed Eustachio
  2928 | D:4      | Killed Eustachio
  2928 | D:4      | Reached skill level 5 in Axes
  2928 | D:4      | Reached skill level 5 in Armour
  2978 | D:4      | Reached XP level 7. HP: 48/59 MP: 10/10
  3007 | D:4      | Reached skill level 7 in Fighting
  3071 | D:4      | Noticed Sigmund
  3073 | D:4      | Found a staircase to the Ecumenical Temple.
  3084 | D:4      | Killed Sigmund
  3343 | D:4      | Found a burning altar of Makhleb.
  3343 | D:4      | Noticed a blizzard demon
  3399 | D:4      | Reached XP level 8. HP: 61/67 MP: 12/12
  3420 | D:4      | Found Firuuwn's General Store.
  3427 | D:4      | Bought a potion of heal wounds for 65 gold pieces
  3427 | D:4      | Bought an uncursed ring of see invisible for 195 gold pieces
  3543 | D:5      | Entered Level 5 of the Dungeon
  3621 | D:5      | Reached *** piety under Lugonu
  3762 | D:5      | Found a sand-covered staircase.
  3771 | Ossuary  | Entered an ossuary
  4482 | Ossuary  | Reached XP level 9. HP: 59/72 MP: 14/14
  5129 | D:5      | Found Yptuyzyg's Antique Armour Shoppe.
  5541 | D:5      | Noticed Blork the orc
  5559 | D:5      | Killed Blork the orc
  5559 | D:5      | Reached **** piety under Lugonu
  5779 | D:5      | Reached skill level 5 in Dodging
  5862 | D:6      | Found a glowing golden altar of the Shining One.
  6404 | D:7      | Found a hide-covered altar of Uskayaw.
  6492 | D:7      | Noticed Pikel
  6535 | D:7      | Killed Pikel
  6535 | D:7      | Reached skill level 8 in Fighting
  6720 | D:7      | Reached XP level 10. HP: 80/80 MP: 17/17
  7270 | D:7      | Gained mutation: You are resistant to electric shocks. (rElec) [potion of mutation]
  7270 | D:7      | Gained mutation: Your muscles are strong. (Str +2) [potion of mutation]
  7769 | D:8      | Learned a level 3 spell: Dazzling Spray
  7779 | D:8      | Noticed a two-headed ogre
  7797 | D:8      | Killed a two-headed ogre
  7797 | D:8      | Reached skill level 5 in Short Blades
  7797 | D:8      | Reached skill level 5 in Long Blades
  7797 | D:8      | Reached skill level 5 in Maces & Flails
  7797 | D:8      | Reached skill level 5 in Polearms
  7797 | D:8      | Reached skill level 5 in Staves
  7797 | D:8      | Reached skill level 5 in Slings
  7797 | D:8      | Reached skill level 5 in Bows
  7797 | D:8      | Reached skill level 5 in Crossbows
  7797 | D:8      | Reached skill level 5 in Throwing
  7797 | D:8      | Reached skill level 5 in Stealth
  7797 | D:8      | Reached skill level 5 in Shields
  7797 | D:8      | Reached skill level 5 in Unarmed Combat
  7797 | D:8      | Reached skill level 5 in Spellcasting
  7797 | D:8      | Reached skill level 5 in Evocations
  8099 | D:8      | Learned a level 4 spell: Iskenderun's Mystic Blast
  8356 | D:8      | Found an ornate altar of the Wu Jian Council.
  8576 | D:8      | Found a sparkling altar of Nemelex Xobeh.
  9219 | D:9      | Got a heavy robe
  9220 | D:9      | Identified the +2 robe of the Hidden Vale {+Fly rC+ Str-5} (You found it on level 9 of the Dungeon)
  9384 | D:9      | Found a shimmering altar of Xom.
 10076 | D:9      | Found a staircase to the Lair.
 10254 | D:9      | Reached XP level 11. HP: 29/87 MP: 19/19
 10681 | D:10     | Entered Level 10 of the Dungeon
 11365 | D:10     | Reached skill level 9 in Fighting
 11463 | D:10     | Reached ***** piety under Lugonu
 11473 | D:10     | Noticed a cyclops
 11485 | D:10     | Killed a cyclops
 11485 | D:10     | Reached skill level 5 in Conjurations
 11485 | D:10     | Reached skill level 5 in Hexes
 11485 | D:10     | Reached skill level 5 in Charms
 11485 | D:10     | Reached skill level 5 in Summonings
 11485 | D:10     | Reached skill level 5 in Necromancy
 11485 | D:10     | Reached skill level 5 in Translocations
 11485 | D:10     | Reached skill level 5 in Transmutations
 11485 | D:10     | Reached skill level 5 in Fire Magic
 11485 | D:10     | Reached skill level 5 in Ice Magic
 11485 | D:10     | Reached skill level 5 in Air Magic
 11485 | D:10     | Reached skill level 5 in Earth Magic
 11485 | D:10     | Reached skill level 5 in Poison Magic
 11558 | D:10     | Noticed a seven-headed hydra
 11576 | D:10     | Killed a ten-headed hydra
 13135 | D:5      | Bought a pair of brightly glowing boots for 228 gold pieces
 13135 | D:5      | Bought a polished chain mail for 228 gold pieces
 13145 | D:5      | Identified the +2 pair of boots of Funeuptu {rCorr Stlth+} (You bought it in a shop on level 5 of the Dungeon)
 13155 | D:5      | Identified the cursed +0 chain mail "Olast" {Dex+5} (You bought it in a shop on level 5 of the Dungeon)
 13563 | D:12     | Found a staircase to the Orcish Mines.
 13664 | D:12     | Found a deep blue altar of Sif Muna.
 13720 | D:12     | Identified Sif Muna's Grimoire of Changing
 14188 | D:12     | Noticed a centaur warrior
 14208 | D:12     | Killed a centaur warrior
 14430 | D:12     | Noticed a red ugly thing
 14442 | D:12     | HP: 4/89 [red ugly thing (15)]
 14446 | D:12     | Killed a red ugly thing
 14446 | D:12     | Reached XP level 12. HP: 32/96 MP: 20/22
 14713 | D:12     | Noticed Erolcha
 14722 | D:12     | Killed Erolcha
 15277 | D:13     | Noticed an eight-headed hydra
 15293 | D:13     | Killed an eight-headed hydra
 16068 | D:13     | Found Foboeb's Gadget Boutique.
 16082 | D:13     | Got a slimy dagger
 16083 | D:13     | Identified the +1 dagger of Righteous Fury {elec, +Inv} (You found it on level 13 of the Dungeon)
 16110 | D:13     | Noticed a centaur warrior
 16123 | D:13     | Killed a centaur warrior
 16706 | D:13     | Noticed a two-headed ogre
 16718 | D:13     | Killed a two-headed ogre
 16930 | D:14     | Found a gate to the Vaults.
 16930 | D:14     | Noticed a centaur warrior
 16930 | D:14     | Noticed Rupert
 17819 | D:14     | Paralysed by Rupert for 4 turns
 18180 | D:13     | Banished Rupert
 18180 | D:13     | Reached skill level 10 in Fighting
 18558 | D:14     | Reached ****** piety under Lugonu
 18578 | D:14     | Reached XP level 13. HP: 46/103 MP: 24/24
 19362 | D:14     | Killed from afar by a manticore

Skill      XL: |  1  2  3  4  5  6  7  8  9 10 11 12 |
---------------+-------------------------------------+-----
Short Blades   | 1 2 3 4 5 6 7 |  7.9
Long Blades    | 1 2 3 4 5 6 7 |  7.9
Maces & Flails | 1 2 3 4 5 6 7 |  7.9
Polearms       | 1 2 3 4 5 6 7 |  7.9
Staves         | 1 2 3 4 5 6 7 |  7.9
Slings         | 1 2 3 4 5 6 7 |  7.9
Bows           | 1 2 3 4 5 6 7 |  7.9
Crossbows      | 1 2 3 4 5 6 7 |  7.9
Throwing       | 1 2 3 4 5 6 7 |  7.9
Stealth        | 1 2 3 4 5 6 7 |  7.9
Shields        | 1 2 3 4 5 6 7 |  7.9
Unarmed Combat | 1 2 3 4 5 6 7 |  7.9
Spellcasting   | 1 2 3 4 5 6 7 |  7.9
Evocations     | 1 2 3 4 5 6 7 |  7.9
Conjurations   | 1 2 3 4 5 6 |  6.5
Hexes          | 1 2 3 4 5 6 |  6.5
Charms         | 1 2 3 4 5 6 |  6.5
Summonings     | 1 2 3 4 5 6 |  6.5
Necromancy     | 1 2 3 4 5 6 |  6.5
Translocations | 1 2 3 4 5 6 |  6.5
Transmutations | 1 2 3 4 5 6 |  6.5
Fire Magic     | 1 2 3 4 5 6 |  6.5
Ice Magic      | 1 2 3 4 5 6 |  6.5
Air Magic      | 1 2 3 4 5 6 |  6.5
Earth Magic    | 1 2 3 4 5 6 |  6.5
Poison Magic   | 1 2 3 4 5 6 |  6.5
Dodging        | 3 4 5 6 7 8 |  8.3
Invocations    | 5 6 7 8 9 |  9.8
Axes           | 5 6 7 8 9 |  9.2
Armour         | 5 6 7 8 9 |  9.2
Fighting       | 7 8 9 10 | 10.2

Action                   |  1- 3 |  4- 6 |  7- 9 | 10-12 | 13-15 || total
-------------------------+-------+-------+-------+-------+-------++-------
Melee: Hand axe          |   109 |    23 |       |       |       ||   132
       Bite              |     6 |    10 |    76 |   191 |    12 ||   295
       Mace              |       |    22 |       |       |       ||    22
       Quarterstaff      |       |    49 |       |       |       ||    49
       Falchion          |       |     5 |   377 |   766 |       ||  1148
       Punch             |       |       |     6 |     1 |       ||     7
       Staff             |       |       |       |    33 |       ||    33
       Trident           |       |       |       |    76 |    84 ||   160
       Dagger            |       |       |       |   128 |       ||   128
 Cast: Dazzling Spray    |       |       |       |    17 |       ||    17
       Iskenderun's Myst |       |       |       |     1 |       ||     1
Invok: Depart the Abyss  |     1 |       |       |       |       ||     1
       Bend Space        |       |       |     1 |    11 |     3 ||    15
 Abil: Evoke Invisibilit |       |       |       |     8 |       ||     8
Evoke: Wand              |       |       |       |    23 |       ||    23
  Use: Scroll            |     1 |    12 |    11 |    22 |     2 ||    48
       Potion            |     1 |     1 |     2 |    18 |       ||    22
 Stab: Sleeping          |     1 |       |    10 |    11 |       ||    22
       Distracted        |       |       |       |     2 |     1 ||     3
       Invisible         |       |       |       |    15 |       ||    15
       Paralysed         |       |       |       |     3 |       ||     3
  Eat: Chunk             |     2 |     3 |     4 |     7 |       ||    16
       Ration            |       |     1 |     2 |    11 |     1 ||    15
Armor: Leather armour    |    15 |    15 |   129 |   147 |       ||   306
       Scale mail        |       |     4 |       |       |       ||     4
       Chain mail        |       |       |       |   182 |    17 ||   199
Dodge: Dodged            |    68 |    50 |   246 |   535 |    19 ||   918
Block: Shield            |       |       |       |   479 |    23 ||   502
       Buckler           |       |       |       |    12 |       ||    12
       Rpst.: Falchion   |       |     1 |    83 |   129 |       ||   213
